| TOP OF THE 1ST |
|
Calgary Flames batting - Pitching for Victoria Capitals : RHP Bill Van Buskirk
|
|
Pitching: RHP Bill Van Buskirk
|
|
|
Batting: SHB Yu-hsui Lew
|
0-0: Foul Ball, location: 2F 0-1: Reached on error, E6 (Groundball, 6, EV 83.1 MPH)
|
|
Batting: RHB Andre Thompson
|
0-0: Called Strike 0-1: Foul Ball, location: 2F 0-2: Fly out, F8 (Flyball, 8LD, EV 86.9 MPH)
|
|
Batting: SHB Steve Wipf
|
0-0: Called Strike 0-1: Ball 1-1: Grounds into double play, 6-4-3 (Groundball, 6, EV 85.6 MPH)
|
| Top of the 1st over - 0 runs, 0 hits, 1 error, 0 left on base; Calgary 0 - Victoria 0 |
| BOTTOM OF THE 1ST |
|
Victoria Capitals batting - Pitching for Calgary Flames : LHP Tony Duque
|
|
Pitching: LHP Tony Duque
|
|
|
Batting: RHB Nick Ellis
|
0-0: Foul Ball, location: 2F 0-1: Swinging Strike 0-2: Foul Ball, location: 2F 0-2: Ball 1-2: Foul Ball, location: 2F 1-2: Ball 2-2: Foul Ball, location: 2F 2-2: Foul Ball, location: 2F 2-2: Ball 3-2: SOLO HOME RUN (Flyball, 8LXD, EV 113.1 MPH), Distance : 440 ft
|
|
Batting: RHB Antonio Arechiga
|
0-0: Called Strike 0-1: Called Strike 0-2: Ball 1-2: Foul Ball, location: 2F 1-2: Strikes out swinging
|
|
Batting: RHB Caleb Dean
|
0-0: Ball 1-0: Foul Ball, location: 2F 1-1: Foul Ball, location: 2F 1-2: Ball 2-2: Ball 3-2: SOLO HOME RUN (Flyball, 78XD, EV 106.9 MPH), Distance : 401 ft
|
|
Batting: RHB Hyeon-cheong Lee
|
0-0: Foul Ball, location: 2F 0-1: Ball 1-1: Foul Ball, location: 2F 1-2: Ground out 6-3 (Groundball, 6M, EV 85.6 MPH)
|
|
Batting: SHB Rich Roberts
|
0-0: Ball 1-0: Swinging Strike 1-1: Ball 2-1: Fly out, F8 (Flyball, 8LM, EV 85.6 MPH)
|
| Bottom of the 1st over - 2 runs, 2 hits, 0 errors, 0 left on base; Calgary 0 - Victoria 2 |
| TOP OF THE 2ND |
|
Calgary Flames batting - Pitching for Victoria Capitals : RHP Bill Van Buskirk
|
|
Batting: RHB Juan Mercado
|
0-0: Ball 1-0: Ball 2-0: Called Strike 2-1: Ball 3-1: Ground out 6-3 (Groundball, 6, EV 90.6 MPH)
|
|
Batting: RHB Juan Maravilla
|
0-0: Ball 1-0: Ground out 6-3 (Groundball, 6S, EV 86.2 MPH)
|
|
Batting: RHB Jim Harkness
|
0-0: Ball 1-0: Ball 2-0: Ball 3-0: Foul Ball, location: 2F 3-1: Foul Ball, location: 2F 3-2: Fly out, F8 (Flyball, 8LS, EV 88.8 MPH)
|
| Top of the 2nd over - 0 runs, 0 hits, 0 errors, 0 left on base; Calgary 0 - Victoria 2 |
| BOTTOM OF THE 2ND |
|
Victoria Capitals batting - Pitching for Calgary Flames : LHP Tony Duque
|
|
Batting: RHB Ron Mack
|
0-0: Ball 1-0: Foul Ball, location: 2F 1-1: Ball 2-1: SINGLE (Flyball, 9, EV 90.0 MPH)
|
|
Batting: LHB Willard Balcome
|
0-0: Called Strike 0-1: Foul Ball, location: 2F 0-2: Strikes out looking
|
|
Batting: RHB Mike Reynolds
|
0-0: Ball 1-0: Ball 2-0: Called Strike 2-1: Ball 3-1: Called Strike 3-2: Fly out, F8 (Flyball, 8LD, EV 83.1 MPH)
|
|
Batting: LHB Mike Jones
|
Pickoff Throw to First - Out! 1-3
|
| Bottom of the 2nd over - 0 runs, 1 hit, 0 errors, 0 left on base; Calgary 0 - Victoria 2 |
| TOP OF THE 3RD |
|
Calgary Flames batting - Pitching for Victoria Capitals : RHP Bill Van Buskirk
|
|
Batting: RHB Chad Stady
|
0-0: Called Strike 0-1: SINGLE (Line Drive, 7LS, EV 99.4 MPH)
|
|
Batting: RHB Jerry Olson
|
0-0: Ball 1-0: Reached on error, E5 (Groundball, 56, EV 107.5 MPH) Chad Stady to second
|
|
Batting: RHB Ryan Allen
|
0-0: Called Strike 0-1: Fly out, F9 (Flyball, 9LM, EV 86.2 MPH)
|
|
Batting: SHB Yu-hsui Lew
|
0-0: Ball 1-0: Foul Ball, location: 2F 1-1: TRIPLE (Line Drive, 8RXD, EV 101.2 MPH) Chad Stady scores Jerry Olson scores
|
|
Batting: RHB Andre Thompson
|
0-0: Ball 1-0: SINGLE (Groundball, 4MD, EV 104.4 MPH) (infield hit) Yu-hsui Lew scores
|
|
Batting: SHB Steve Wipf
|
0-0: Ball 1-0: Called Strike Andre Thompson is caught stealing 2nd base 2-6 1-1: Ball 2-1: Swinging Strike 2-2: Ball 3-2: Base on Balls
|
|
Batting: RHB Juan Mercado
|
0-0: Called Strike 0-1: Swinging Strike 0-2: Strikes out looking
|
| Top of the 3rd over - 3 runs, 3 hits, 1 error, 1 left on base; Calgary 3 - Victoria 2 |
| BOTTOM OF THE 3RD |
|
Victoria Capitals batting - Pitching for Calgary Flames : LHP Tony Duque
|
|
Batting: LHB Mike Jones
|
0-0: Ball 1-0: Ball 2-0: Called Strike 2-1: Ball 3-1: Base on Balls
|
|
Batting: RHB Nick Ellis
|
0-0: Foul Ball, location: 2F 0-1: Ball Wild Pitch! Mike Jones to second 1-1: Ball 2-1: Ball 3-1: Ground out 5-3 (Groundball, 56S, EV 70.0 MPH) Mike Jones to third
|
|
Batting: RHB Antonio Arechiga
|
0-0: Ball 1-0: Ground out U3 (Groundball, 3, EV 101.9 MPH)
|
|
Batting: RHB Caleb Dean
|
0-0: Ball 1-0: Ball 2-0: Ball 3-0: Base on Balls
|
|
Batting: RHB Hyeon-cheong Lee
|
0-0: Called Strike 0-1: Foul Ball, location: 2F 0-2: Strikes out swinging
|
| Bottom of the 3rd over - 0 runs, 0 hits, 0 errors, 2 left on base; Calgary 3 - Victoria 2 |
| TOP OF THE 4TH |
|
Calgary Flames batting - Pitching for Victoria Capitals : RHP Bill Van Buskirk
|
|
Batting: RHB Juan Maravilla
|
0-0: Ball 1-0: Foul Ball, location: 2F 1-1: Called Strike 1-2: SINGLE (Groundball, 5D, EV 103.8 MPH)
|
|
Batting: RHB Jim Harkness
|
0-0: Ball 1-0: Foul Ball, location: 2F 1-1: Swinging Strike 1-2: Ball 2-2: Foul Ball, location: 2F 2-2: Foul Ball, location: 2F 2-2: Foul Ball, location: 2F 2-2: Fly out, F7 (Line Drive, 78M, EV 83.8 MPH)
|
|
Batting: RHB Chad Stady
|
0-0: Swinging Strike 0-1: Called Strike 0-2: Ball 1-2: Ball 2-2: Grounds into double play, 6-4-3 (Groundball, 6, EV 78.8 MPH)
|
| Top of the 4th over - 0 runs, 1 hit, 0 errors, 0 left on base; Calgary 3 - Victoria 2 |
| BOTTOM OF THE 4TH |
|
Victoria Capitals batting - Pitching for Calgary Flames : LHP Tony Duque
|
|
Batting: SHB Rich Roberts
|
0-0: Called Strike 0-1: Foul Ball, location: 2F 0-2: Ball 1-2: Ground out 6-3 (Groundball, 6M, EV 99.4 MPH)
|
|
Batting: RHB Ron Mack
|
0-0: Ball 1-0: Ball 2-0: Called Strike 2-1: Fly out, F8 (Flyball, 89M, EV 80.6 MPH)
|
|
Batting: LHB Willard Balcome
|
0-0: Foul Ball, location: 2F 0-1: Ball 1-1: Foul Ball, location: 2F 1-2: Strikes out swinging
|
| Bottom of the 4th over - 0 runs, 0 hits, 0 errors, 0 left on base; Calgary 3 - Victoria 2 |
| TOP OF THE 5TH |
|
Calgary Flames batting - Pitching for Victoria Capitals : RHP Bill Van Buskirk
|
|
Batting: RHB Jerry Olson
|
0-0: Ball 1-0: Foul Ball, location: 2F 1-1: Fly out, F3 (Popup, 3F, EV 66.2 MPH)
|
|
Batting: RHB Ryan Allen
|
0-0: Ball 1-0: Swinging Strike 1-1: Called Strike 1-2: Strikes out swinging
|
|
Batting: SHB Yu-hsui Lew
|
0-0: Ball 1-0: Ball 2-0: Called Strike 2-1: Foul Ball, location: 2F 2-2: Ball 3-2: Strikes out swinging
|
| Top of the 5th over - 0 runs, 0 hits, 0 errors, 0 left on base; Calgary 3 - Victoria 2 |
| BOTTOM OF THE 5TH |
|
Victoria Capitals batting - Pitching for Calgary Flames : LHP Tony Duque
|
|
Batting: RHB Mike Reynolds
|
0-0: Foul Ball, location: 2F 0-1: Foul Ball, location: 2F 0-2: Strikes out swinging
|
|
Batting: LHB Mike Jones
|
0-0: Called Strike 0-1: Swinging Strike 0-2: Foul Ball, location: 2F 0-2: Strikes out swinging
|
|
Batting: RHB Nick Ellis
|
0-0: Foul Ball, location: 2F 0-1: DOUBLE (Line Drive, 7LM, EV 107.5 MPH)
|
|
Pitching: RHP Jarrod Boncek
|
|
|
Pinch Hitting: LHB Yen-ti Zhu
|
0-0: Ball 1-0: Ball Wild Pitch! Nick Ellis to third 2-0: Foul Ball, location: 2F 2-1: Ball 3-1: Base on Balls
|
|
Batting: RHB Caleb Dean
|
0-0: Ball 1-0: Fielders Choice at 2nd, 6-4 (Groundball, 6, EV 78.8 MPH)
|
| Bottom of the 5th over - 0 runs, 1 hit, 0 errors, 2 left on base; Calgary 3 - Victoria 2 |
| TOP OF THE 6TH |
|
Calgary Flames batting - Pitching for Victoria Capitals : RHP Bill Van Buskirk
|
|
Now in CF: Hyeon-cheong Lee
|
|
|
Now in RF: Rick Harrison
|
|
|
Batting: RHB Andre Thompson
|
0-0: Called Strike 0-1: Ball 1-1: Ball 2-1: Ball 3-1: SINGLE (Groundball, 56D, EV 101.9 MPH)
|
|
Pitching: RHP Kevin Stodart
|
|
|
Batting: SHB Steve Wipf
|
0-0: Called Strike 0-1: Swinging Strike 0-2: Strikes out swinging
|
|
Batting: RHB Juan Mercado
|
0-0: SINGLE (Groundball, 6, EV 96.9 MPH) Andre Thompson to second
|
|
Batting: RHB Juan Maravilla
|
0-0: Swinging Strike 0-1: Foul Ball, location: 2F 0-2: Ball 1-2: Ball 2-2: Ball 3-2: Foul Ball, location: 2F 3-2: Fly out, F9 (Flyball, 9D, EV 103.8 MPH) Runner from 2nd tags up, SAFE at 3rd, no throw by RF
|
|
Batting: RHB Jim Harkness
|
0-0: SINGLE (Groundball, 56D, EV 109.4 MPH) Andre Thompson scores Juan Mercado to second
|
|
Batting: RHB Chad Stady
|
0-0: Foul Ball, location: 2F 0-1: Called Strike 0-2: Foul Ball, location: 2F 0-2: Fly out, F6 (Line Drive, 6, EV 73.1 MPH)
|
| Top of the 6th over - 1 run, 3 hits, 0 errors, 2 left on base; Calgary 4 - Victoria 2 |
| BOTTOM OF THE 6TH |
|
Victoria Capitals batting - Pitching for Calgary Flames : RHP Jarrod Boncek
|
|
Batting: RHB Hyeon-cheong Lee
|
0-0: Swinging Strike 0-1: Called Strike 0-2: Ball 1-2: Reached on error, E6 (Groundball, 6S, EV 81.2 MPH)
|
|
Batting: SHB Rich Roberts
|
|
|
Pinch Hitting: LHB Jason Cary
|
0-0: Swinging Strike 0-1: Foul Ball, location: 2F 0-2: Foul Ball, location: 2F 0-2: Foul Ball, location: 2F 0-2: Strikes out swinging
|
|
Batting: RHB Roberto Medina
|
0-0: Foul Ball, location: 2F 0-1: Called Strike 0-2: Foul Ball, location: 2F 0-2: Fielders Choice at 2nd, 5-4 (Groundball, 56, EV 81.2 MPH)
|
|
Batting: LHB Willard Balcome
|
0-0: Fielders Choice at 2nd, 5-4 (Groundball, 56, EV 105.6 MPH)
|
| Bottom of the 6th over - 0 runs, 0 hits, 1 error, 1 left on base; Calgary 4 - Victoria 2 |
| TOP OF THE 7TH |
|
Calgary Flames batting - Pitching for Victoria Capitals : RHP Kevin Stodart
|
|
Pitching: RHP Joey Mallandaine
|
|
|
Now at 2B: Ray Wathey
|
|
|
Pinch Hitting: RHB Alejandro Patron
|
0-0: Fly out, F3 (Popup, 3SF, EV 78.1 MPH)
|
|
Batting: LHB Danny Valdovinos
|
0-0: Ball 1-0: Foul Ball, location: 2F 1-1: Ball 2-1: Foul Ball, location: 2F 2-2: Fly out, F3 (Popup, 34S, EV 80.0 MPH)
|
|
Batting: SHB Yu-hsui Lew
|
0-0: Ground out 6-3 (Groundball, 6, EV 106.2 MPH)
|
| Top of the 7th over - 0 runs, 0 hits, 0 errors, 0 left on base; Calgary 4 - Victoria 2 |
| BOTTOM OF THE 7TH |
|
Victoria Capitals batting - Pitching for Calgary Flames : RHP Jarrod Boncek
|
|
Now in RF: Greg Robertson
|
|
|
Pinch Hitting: RHB Jeremy Marin
|
0-0: Ground out 5-3 (Groundball, 56, EV 78.1 MPH)
|
|
Batting: LHB Mike Jones
|
0-0: Ball 1-0: Ball 2-0: Foul Ball, location: 2F 2-1: Foul Ball, location: 2F 2-2: Strikes out swinging
|
|
Batting: RHB Nick Ellis
|
0-0: Swinging Strike 0-1: Foul Ball, location: 2F 0-2: Foul Ball, location: 2F 0-2: Fly out, F6 (Popup, P, EV 83.1 MPH)
|
| Bottom of the 7th over - 0 runs, 0 hits, 0 errors, 0 left on base; Calgary 4 - Victoria 2 |
| TOP OF THE 8TH |
|
Calgary Flames batting - Pitching for Victoria Capitals : RHP Joey Mallandaine
|
|
Now at SS: Jeremy Marin
|
|
|
Batting: RHB Andre Thompson
|
0-0: Ball 1-0: Swinging Strike 1-1: Foul Ball, location: 2F 1-2: Strikes out swinging
|
|
Batting: SHB Steve Wipf
|
0-0: Fly out, F7 (Flyball, 78S, EV 88.1 MPH)
|
|
Batting: RHB Juan Mercado
|
0-0: Ground out 3-1 (Groundball, 34, EV 110.6 MPH)
|
| Top of the 8th over - 0 runs, 0 hits, 0 errors, 0 left on base; Calgary 4 - Victoria 2 |
| BOTTOM OF THE 8TH |
|
Victoria Capitals batting - Pitching for Calgary Flames : RHP Jarrod Boncek
|
|
Batting: LHB Rick Harrison
|
0-0: Called Strike 0-1: Ball 1-1: Foul Ball, location: 2F 1-2: Ball 2-2: Strikes out swinging
|
|
Batting: RHB Caleb Dean
|
0-0: Ball 1-0: Called Strike 1-1: Swinging Strike 1-2: Strikes out swinging, 2-3 out at first.
|
|
Batting: RHB Hyeon-cheong Lee
|
0-0: Ball 1-0: Swinging Strike 1-1: Reached on error, E3 (Groundball, 34S, EV 79.4 MPH)
|
|
Pitching: RHP David Lewis
|
|
|
Pinch Hitting: LHB Adam Lupfer
|
0-0: Ball 1-0: Ball 2-0: Ball 3-0: Called Strike 3-1: Fly out, F8 (Flyball, 8RD, EV 82.5 MPH)
|
| Bottom of the 8th over - 0 runs, 0 hits, 1 error, 1 left on base; Calgary 4 - Victoria 2 |
| TOP OF THE 9TH |
|
Calgary Flames batting - Pitching for Victoria Capitals : RHP Joey Mallandaine
|
|
Now at 2B: Kevin Harris
|
|
|
Pinch Hitting: SHB Shawnie Codbucket
|
0-0: Swinging Strike 0-1: Ball 1-1: Fly out, F7 (Flyball, 7LMF, EV 82.5 MPH)
|
|
Pinch Hitting: RHB Ahmed Elezi
|
0-0: Called Strike 0-1: Foul Ball, location: 2F 0-2: Ball 1-2: Strikes out swinging
|
|
Pinch Hitting: LHB Bruce Daley
|
0-0: Called Strike 0-1: Ball 1-1: Ball 2-1: Ball 3-1: Base on Balls
|
|
Batting: LHB Greg Robertson
|
0-0: Foul Ball, location: 2F 0-1: Foul Ball, location: 2F 0-2: SINGLE (Flyball, 3D, EV 85.0 MPH) Bruce Daley to second Runner from 2nd tries for 3rd, OUT! 9-5
|
| Top of the 9th over - 0 runs, 1 hit, 0 errors, 1 left on base; Calgary 4 - Victoria 2 |
| BOTTOM OF THE 9TH |
|
Victoria Capitals batting - Pitching for Calgary Flames : RHP David Lewis
|
|
Now at C: Frank Pinksen
|
|
|
Now at 2B: Pablo Henriquez
|
|
|
Now at 3B: Yu-hsui Lew
|
|
|
Now at SS: Tyler Johnson
|
|
|
Now in CF: Andre Thompson
|
|
|
Batting: RHB Roberto Medina
|
0-0: Foul Ball, location: 2F 0-1: Swinging Strike 0-2: Ball 1-2: Ball 2-2: Foul Ball, location: 2F 2-2: SINGLE (Groundball, 6S, EV 72.5 MPH) (infield hit)
|
|
Pinch Hitting: RHB Rowan Prince
|
0-0: Ball 1-0: Grounds into double play, 5-4-3 (Groundball, 25, EV 81.9 MPH)
|
|
Batting: RHB Jeremy Marin
|
0-0: Called Strike 0-1: Called Strike 0-2: Strikes out swinging
|
| Bottom of the 9th over - 0 runs, 1 hit, 0 errors, 0 left on base; Calgary 4 - Victoria 2 |
|